 Dungeon Crawl Stone Soup version 0.27.0-1-g7a089689b8 (webtiles) character file.

Game seed: 9236571692121026080

70 horus123 the Shooter (level 4, 0/26 HPs)
             Began as a Deep Elf Hunter on Aug 16, 2021.
             Slain by a jackal (3 damage)
             ... on level 2 of the Dungeon.
             The game lasted 00:04:28 (2204 turns).

horus123 the Shooter (Deep Elf Hunter)              Turns: 2204, Time: 00:04:29

Health: 0/26       AC:  3    Str:  9    XL:     4   Next: 4%
Magic:  6/6        EV: 12    Int: 16    God:
Gold:   75         SH:  5    Dex: 16    Spells: 3/3 levels left

rFire    . . .     SeeInvis .   h - +1 dagger (freeze)
rCold    . . .     Faith    .   (no shield)
rNeg     . . .     Spirit   .   c - +0 leather armour
rPois    .         Reflect  +   (no helmet)
rElec    .         Harm     .   (no cloak)
rCorr    .         Rampage  .   (no gloves)
Will     .....                  (no boots)
Stlth    ++........             l - amulet of reflection
HPRegen  0.08/turn              (no ring)
MPRegen  0.10/turn              (no ring)

@: no status effects
A: no striking features
a: no special abilities


You were on level 2 of the Dungeon.
You visited 1 branch of the dungeon, and saw 3 of its levels.

You collected 75 gold pieces.

Inventory:

Hand Weapons
 a - a +2 shortbow
 b - a +0 short sword
 h - a +1 dagger of freezing (weapon)
Missiles
 d - 26 arrows
Armour
 c - a +0 leather armour (worn)
Jewellery
 l - an amulet of reflection (around neck)
Scrolls
 k - a scroll of torment
Potions
 e - a potion of curing {unknown}
 f - a potion of degeneration
 g - a potion of ambrosia
 i - a potion of attraction {unknown}
 j - 2 potions of heal wounds {unknown}


   Skills:
 + Level 1.7 Fighting
 * Level 6.9 Bows
 + Level 0.8 Armour
 + Level 2.8 Dodging
 + Level 1.2 Stealth


You had 3 spell levels left.
You didn't know any spells.
Your spell library was empty.

Dungeon Overview and Level Annotations

Branches:
Dungeon (3/15)

Altars:

Annotations:
D:3 Natasha


Message History

The jackal misses you. The jackal closely misses you.
The jackal completely misses you.
The jackal bites you but does no damage.
Your leather armour prevents you from hitting the jackal.
The jackal is heavily wounded.
You block the jackal's attack. The jackal barely misses you.
You hit the jackal but do no damage.
The jackal is moderately wounded.
The jackal closely misses you.
The jackal bites you but does no damage.
The jackal barely misses you.
The jackal bites you but does no damage.
You hit the jackal but do no damage.
The jackal is moderately wounded.
The jackal bites you.
* * * LOW HITPOINT WARNING * * *
You block the jackal's attack.
You closely miss the jackal.
The jackal is moderately wounded.
The jackal bites you.
* * * LOW HITPOINT WARNING * * *
The jackal barely misses you.
You hit the jackal but do no damage.
The jackal is moderately wounded.
The jackal barely misses you. x3; The jackal misses you.
You closely miss the jackal.
The jackal is moderately wounded.
The jackal misses you. You block the jackal's attack.
You hit the jackal. You freeze the jackal.
You kill the jackal!
The jackal bites you but does no damage.
The jackal closely misses you. The jackal bites you.
* * * LOW HITPOINT WARNING * * *
There is a stone staircase leading down, spattered with blood here.
You see here a jackal corpse.
The jackal closely misses you. The jackal misses you. The jackal bites you.
You die...

........# #.# #.## ##....
......#.# #.# #..## ##..###
#..####.#####.##### #...###...# #
#..###............# ##.#.#.##.#
#..........##.###.# #†##..##.###
##'###.##..##.###.# #.##..##....
#...##.#.......##.# #.##...#####
.....#.#...†...##.# #.###..# #
............>..h@.# #.###..# ##
.......#.÷.....#######.##...####.
.......+......................<'.
.......#.......##########...####.
......##.......# ##...# ##
.....######.#### ##.#..# ###
#...## #.# ##.###.###.. ##'###
#.# #.##....##.# .....# #.#
##.#.#.###.#


You could see a jackal.

Vanquished Creatures
  A worm (D:2)
  2 dart slugs
  2 bats (D:2)
  5 endoplasms
  4 giant cockroaches
  5 goblins
  4 hobgoblins
  10 jackals
  3 quokkas
  4 ball pythons
  3 frilled lizards
  4 kobolds (D:1)
  9 rats
56 creatures vanquished.

Notes
Turn   | Place    | Note
-------+----------+-------------------------------------------
     0 | D:1      | horus123 the Deep Elf Hunter began the quest for the Orb.
     0 | D:1      | Reached XP level 1. HP: 12/12 MP: 3/3
    95 | D:1      | Reached XP level 2. HP: 16/16 MP: 4/4
   104 | D:1      | Reached skill level 6 in Bows
   589 | D:1      | Found a faded altar of an unknown god.
   754 | D:1      | Reached XP level 3. HP: 16/20 MP: 5/5
  2023 | D:2      | Reached XP level 4. HP: 26/26 MP: 6/6
  2166 | D:3      | Noticed Natasha
  2204 | D:2      | Slain by a jackal

Illustrated notes

Levels and vault maps discovered:
D:1:      tarquinn_simple_flora_water_e, layout_basic,
          shapermc_ecumenical_altar_notcrosses, st_stairs_9, bh_walls_and_bars
D:2:      layout_loops_corners
D:3:      layout_basic, nicolae_ru_the_path_less_chosen, serial_shops,
          nicolae_diamond_shop, shop, uniq_natasha

Skill      XL: |  1  2 |
---------------+-------+-----
Bows           | 6 |  6.9
Fighting       | |  1.7
Armour         | |  0.8
Dodging        | |  2.8
Stealth        | |  1.2

Action                   |  1- 3 |  4- 6 || total
-------------------------+-------+-------++-------
Melee: Short sword       |     7 |       ||     7
       Dagger            |       |    20 ||    20
 Fire: Shortbow          |   126 |       ||   126
  Use: Scroll            |     7 |       ||     7
Armor: Leather armour    |    34 |    10 ||    44
Dodge: Dodged            |    33 |    31 ||    64
Block: Other             |       |     7 ||     7
